[Event "*** Titled Tuesday Blitz"]
[Site "Chess.com"]
[Date "2021.03.16"]
[Round "2"]
[White "iturrizaga"]
[Black "NateSolon"]
[Result "1-0"]
[WhiteElo "2845"]
[BlackElo "2560"]
[TimeControl "180+1"]
[EndTime "10:14:42 PDT"]
[Termination "iturrizaga won by resignation"]

1. c4 Nf6 2. g3 e6 3. Bg2 d5 4. Nf3 Be7 5. O-O O-O 6. b3 b6 7. Bb2 c5 8. e3 Nc6 9. Qe2 Ba6 10. Rd1 Rc8 11. d3 Qc7 12. Nc3 Rfd8 13. Rac1 Qb8 14. h3 Bb7 15. cxd5 Nxd5 16. Ne4 h6 17. d4 cxd4 18. Nxd4 Nxd4 19. Bxd4 Ba3 20. Rxc8 Rxc8 21. Qg4 Bf8 22. Qh5 Rc2 23. g4 Rxa2 24.
g5 g6 25. Qh4 h5 26. Bf1 Bg7 27. Nf6+ Nxf6 28. Bxf6 Bxf6 29. gxf6 Qc7 30. Qg5 Qc6 31. Rd8+ Kh7 32. Rh8+ 1-0

[Event "*** Titled Tuesday Blitz"]
[Site "Chess.com"]
[Date "2021.03.16"]
[Round "2"]
[White "MarcoRiehle"]
[Black "kunaevchess"]
[Result "1-0"]
[WhiteElo "2690"]
[BlackElo "2361"]
[TimeControl "180+1"]
[EndTime "10:14:42 PDT"]
[Termination "MarcoRiehle won by checkmate"]

1. e4 c5 2. a3 g6 3. h4 Bg7 4.
h5 Nc6 5. Nc3 d6 6. Bc4 Ne5 7. Ba2 Bg4 8. f3 Bc8 9. Nge2 Be6 10. Bxe6 fxe6 11. d4 cxd4 12. Nxd4 Qd7 13. Be3 Nc4 14. Qe2 Nxe3 15. Qxe3 O-O-O 16. Ndb5 a6 17. Qa7 axb5 18. Qa8+ Kc7 19. Qa5+ Kb8 20. Nxb5 Qe8 21.
Qa7+ Kc8 22. Qa8+ Kd7 23. Qxb7# 1-0

[Event "*** Titled Tuesday Blitz"]
[Site "Chess.com"]
[Date "2021.03.16"]
[Round "2"]
[White "enriquebutti"]
[Black "Sokoloco"]
[Result "1-0"]
[WhiteElo "2191"]
[BlackElo "2420"]
[TimeControl "180+1"]
[EndTime "10:14:45 PDT"]
[Termination "enriquebutti won by resignation"]

1. d4 d6 2. e4 g6 3. Nc3 Bg7 4.
Be3 a6 5. Qd2 b5 6. f3 Bb7 7. h4 h5 8. Nh3 Nf6 9. Ng5 O-O 10.
O-O-O Nbd7 11. f4 b4 12. Ne2 Nxe4 13. Qe1 Ndf6 14. Ng3 Nxg3 15. Qxg3 a5 16. Bd3 Ng4 17.
f5 gxf5 18. Bxf5 b3 19. cxb3 a4 20. Bxg4 hxg4 21. Qxg4 axb3 22. Qf5 Be4 23. Qxe4 f5 24. Qe6+ Kh8 25. Qg6 1-0

[Event "*** Titled Tuesday Blitz"]
[Site "Chess.com"]
[Date "2021.03.16"]
[Round "2"]
[White "SaqoChess_Twitch"]
[Black "WilliamSchill"]
[Result "1-0"]
[WhiteElo "2506"]
[BlackElo "2147"]
[TimeControl "180+1"]
[EndTime "10:15:03 PDT"]
[Termination "SaqoChess_Twitch won by resignation"]

1. d4 Nf6 2. e3 g6 3. Nf3 Bg7 4. Be2 O-O 5. O-O d6 6. b3 Nbd7 7. Bb2 e5 8. dxe5 Ng4 9. Nbd2 Ngxe5 10. Nxe5 dxe5 11. a4 Re8 12. Nc4 e4 13. Bxg7 Kxg7 14. Qd4+ Qf6 15. Rfd1 Qxd4 16. Rxd4 Nf6 17. Rad1 Be6 18.
Na5 Rab8 19. Bc4 c6 20. Bxe6 Rxe6 21. Rd8 Rxd8 22. Rxd8 b6 23. Nc4 Nd5 24. Nd6 Re7 25.
g4 h6 26. h4 Nb4 27. g5 hxg5 28. hxg5 f5 29. gxf6+ Kxf6 30. c3 Nd5 31. c4 Nc7 32.
Nc8 Re8 33. Rxe8 Nxe8 34. Nxa7 c5 35. Nc8 1-0

[Event "*** Titled Tuesday Blitz"]
[Site "Chess.com"]
[Date "2021.03.16"]
[Round "2"]
[White "Sanan_Sjugirov"]
[Black "Fischerev7"]
[Result "1-0"]
[WhiteElo "2898"]
[BlackElo "2401"]
[TimeControl "180+1"]
[EndTime "10:15:11 PDT"]
[Termination "Sanan_Sjugirov won on time"]

1. d4 Nf6 2. Nf3 e6 3. c4 Bb4+ 4. Nbd2 O-O 5. e3 b6 6. Bd3 Bb7 7. O-O d5 8. cxd5 exd5 9. a3 Bd6 10. b4 c6 11. Bb2 Nbd7 12. Ne5 Qe7 13. f4 b5 14. Nb3 Ne4 15. Bxe4 dxe4 16. Na5 Bxe5 17.
fxe5 Nb6 18. Qg4 Nc4 19. Nxc4 bxc4 20. Rf4 a5 21. Bc3 c5 22. bxc5 Bd5 23. Rxe4 Bxe4 24. Qxe4 f5 25. Qd5+ Kh8 26. Qxc4 f4 27. exf4 Rxf4 28.
Rf1 Raf8 29. Rxf4 Rxf4 30. c6 Rf8 31. d5 Qxa3 32. h3 Qc1+ 33. Kh2 a4 34. c7 1-0

[Event "*** Titled Tuesday Blitz"]
[Site "Chess.com"]
[Date "2021.03.16"]
[Round "2"]
[White "Lady_Nika"]
[Black "sergoy"]
[Result "0-1"]
[WhiteElo "2400"]
[BlackElo "2885"]
[TimeControl "180+1"]
[EndTime "10:15:14 PDT"]
[Termination "sergoy won by resignation"]

1. d4 Nf6 2. e3 g6 3. c4 Bg7 4. Nc3 O-O 5. Bd3 d6 6. f3 Nbd7 7. e4 c5 8. d5 a6 9. Be3 e6 10. Nge2 exd5 11. cxd5 b5 12. O-O h5 13. f4 Ng4 14. Qd2 Nxe3 15. Qxe3 Re8 16. Kh1 Bb7 17. f5 Ne5 18. fxg6 fxg6 19. Nf4 Bc8 20. Qg3 h4 21. Qe3 Qg5 22. Rae1 Bd7 23. Bc2 Nc4 24. Qc1 Rf8 25. Ne6 Qxc1 26. Rxc1 Rxf1+ 27. Rxf1 b4 28. Ne2 Ne3 29.
Rc1 Bxb2 30. Rb1 Be5 31. Bd1 a5 32. N2f4 c4 33. Nxg6 c3 34. Bh5 c2 35. Ne7+ Kh7 36. Ng5+ Kh6 37. Nf7+ Kxh5 0-1

[Event "*** Titled Tuesday Blitz"]
[Site "Chess.com"]
[Date "2021.03.16"]
[Round "2"]
[White "Rud_Makarian"]
[Black "TwentyHourADay"]
[Result "1-0"]
[WhiteElo "2791"]
[BlackElo "2396"]
[TimeControl "180+1"]
[EndTime "10:15:14 PDT"]
[Termination "Rud_Makarian won by resignation"]

1. h4 a5 2. e4 e5 3. Nf3 Nc6 4. Bb5 Na7 5. Bc4 d6 6. Ng5 Nh6 7. d4 b5 8. Be2 f6 9. Nf3 Ng4 10. h5 Be7 11. Nh4 Nh6 12. Bxh6 gxh6 13. d5 O-O 14. Bg4 Kh8 15. Nc3 b4 16. Bxc8 Qxc8 17.
Ne2 f5 18. Nxf5 Rxf5 19. exf5 Qxf5 20. Ng3 Qf7 21. Qd3 a4 22. O-O-O Nc8 23. Nf5 Bg5+ 24. Kb1 b3 25. g3 bxa2+ 26. Ka1 a3 27. b3 Nb6 28. f4 Bf6 29. Kxa2 Nd7 30. Nxh6 Qf8 31. Qf5 Nc5 32. Ng4 Bg7 33. Qxf8+ Bxf8 34. fxe5 Na6 35.
c3 Bg7 36. h6 Bxe5 37. Nxe5 dxe5 38. b4 Re8 1-0

[Event "*** Titled Tuesday Blitz"]
[Site "Chess.com"]
[Date "2021.03.16"]
[Round "2"]
[White "Kislov_Oleg"]
[Black "827883"]
[Result "0-1"]
[WhiteElo "2461"]
[BlackElo "2262"]
[TimeControl "180+1"]
[EndTime "10:15:28 PDT"]
[Termination "827883 won on time"]

1. e4 e5 2. Nf3 Nc6 3. d4 exd4 4.
Nxd4 Bb4+ 5. c3 Bc5 6. Be3 Bb6 7. Bc4 Nge7 8. Nd2 O-O 9. O-O d5 10. exd5 Nxd5 11. Qh5 Nf6 12. Qh4 Ne5 13. Bg5 Ng6 14. Qg3 Nh5 15. Bxd8 Nxg3 16. fxg3 Rxd8 17. Rxf7 Kh8 18. Raf1 Bg4 19. Nf3 Bxf3 20. R1xf3 Ne5 0-1

[Event "*** Titled Tuesday Blitz"]
[Site "Chess.com"]
[Date "2021.03.16"]
[Round "2"]
[White "hermionegrangermagic"]
[Black "Onischuk_V"]
[Result "0-1"]
[WhiteElo "2550"]
[BlackElo "2837"]
[TimeControl "180+1"]
[EndTime "10:15:32 PDT"]
[Termination "Onischuk_V won by resignation"]

1. e4 d6 2. d4 Nf6 3. Nc3 g6 4. Bg5 Bg7 5. e5 Nfd7 6. f4 O-O 7. Qd2 f6 8. Bh4 fxe5 9. dxe5 dxe5 10. Nd5 Nc6 11. Bc4 Kh8 12. Nf3 Nb6 13. Bb3 Nxd5 14. Bxd5 Nd4 15. Be4 Rxf4 16. Ng5 h6 17. Bxg6 hxg5 18.
Bxg5 Qd6 19. Bxf4 Qxg6 20. Be3 Nxc2+ 21. Ke2 Qxg2+ 22. Bf2 Bg4+ 23. Kd3 Rd8+ 24. Kxc2 Rxd2+ 25. Kxd2 0-1

[Event "*** Titled Tuesday Blitz"]
[Site "Chess.com"]
[Date "2021.03.16"]
[Round "2"]
[White "djano"]
[Black "anon132639"]
[Result "0-1"]
[WhiteElo "2495"]
[BlackElo "2751"]
[TimeControl "180+1"]
[EndTime "10:15:46 PDT"]
[Termination "anon132639 won by resignation"]

1. e4 c5 2. Nc3 e6 3. f4 Nc6 4.
Bb5 Nd4 5. Nf3 Ne7 6. O-O Nec6 7.
Bc4 Be7 8. a3 d6 9. d3 Rb8 10.
Nxd4 Nxd4 11. Ne2 Nxe2+ 12. Qxe2 b5 13. Bb3 O-O 14. f5 exf5 15. exf5 Bf6 16. Bd5 Bb7 17.
Qf3 Bxd5 18. Qxd5 Re8 19. c3 Re5 20. Qf3 Qd7 21. g4 Rbe8 22. Bf4 Re2 23. Rf2 Rxf2 24. Kxf2 Qe7 25. Rf1 a5 26. Bg3 b4 27. axb4 axb4 28. cxb4 cxb4 29. b3 Qa7+ 30. Kg2 Qa2+ 31. Rf2 Qxb3 32.
Qc6 Rd8 33. Re2 h6 34. Re8+ Rxe8 35. Qxe8+ Kh7 36. h4 Qd5+ 37. Kh2 b3 38. Qb8 b2 39. Bxd6 Qa2 40. Kh3 b1=Q 0-1

[Event "*** Titled Tuesday Blitz"]
[Site "Chess.com"]
[Date "2021.03.16"]
[Round "2"]
[White "MartinMatthiesen"]
[Black "slavenok"]
[Result "0-1"]
[WhiteElo "2382"]
[BlackElo "2715"]
[TimeControl "180+1"]
[EndTime "10:15:47 PDT"]
[Termination "slavenok won on time"]

1. d4 d5 2. c4 e6 3. Nc3 Nf6 4. cxd5 Nxd5 5. e4 Nxc3 6. bxc3 c5 7. Nf3 cxd4 8. cxd4 Bb4+ 9. Bd2 Bxd2+ 10. Qxd2 O-O 11.
Bd3 b6 12. O-O Ba6 13. Rfc1 Bxd3 14. Qxd3 Nd7 15. a4 Nf6 16. a5 bxa5 17. Rc5 Qb6 18. Rcxa5 Rfd8 19. e5 Nd5 20. Ng5 g6 21. Rb5 Qc6 22. Rc5 Qb7 23. Ne4 Qb2 24. Rb1 Qa2 25.
Nd6 Nf4 26. Qb3 Qxb3 27. Rxb3 Ne2+ 28. Kf1 Nxd4 29. Rb7 Rdb8 30. Rcc7 Rxb7 31. Rxb7 a5 32. Nxf7 a4 0-1

[Event "*** Titled Tuesday Blitz"]
[Site "Chess.com"]
[Date "2021.03.16"]
[Round "2"]
[White "Grineva_Marianna"]
[Black "Sanyura"]
[Result "0-1"]
[WhiteElo "2261"]
[BlackElo "2640"]
[TimeControl "180+1"]
[EndTime "10:15:49 PDT"]
[Termination "Sanyura won by checkmate"]

1. e4 c5 2. Nf3 e6 3. d4 cxd4 4. Nxd4 Nf6 5. Nc3 Nc6 6. Nxc6 bxc6 7. e5 Nd5 8. Ne4 Qc7 9. f4 Qb6 10. c4 Bb4+ 11. Ke2 f5 12. exf6 Nxf6 13. Be3 Qd8 14. Nd6+ Bxd6 15. Qxd6 Bb7 16. Rd1 c5 17. Qxc5 Rc8 18.
Qxa7 Be4 19. Qa3 Rxc4 20. Rd2 Bc6 21. Kf2 Ne4+ 22. Kg1 Nxd2 23. Bxd2 Rc2 24. Be3 Qh4 25. Qb3 Be4 26. Qb4 Bd5 27. a4 Qg4 28. Bf2 Rc1 29.
h3 Qxg2# 0-1

[Event "*** Titled Tuesday Blitz"]
[Site "Chess.com"]
[Date "2021.03.16"]
[Round "2"]
[White "Evandro_Barbosa"]
[Black "VinzentSpitzl"]
[Result "1-0"]
[WhiteElo "2633"]
[BlackElo "2358"]
[TimeControl "180+1"]
[EndTime "10:15:49 PDT"]
[Termination "Evandro_Barbosa won by resignation"]

1. e4 e5 2. Nf3 Nc6 3. Bc4 Bc5 4.
d3 Nf6 5. O-O a6 6. Bb3 d6 7. c3 Ba7 8. Nbd2 O-O 9. h3 Be6 10. Bc2 h6 11. Re1 Re8 12. Nf1 d5 13. exd5 Bxd5 14. Ng3 Qd7 15. Nh4 Be6 16. Qf3 Qd5 17.
Ne4 Nxe4 18. dxe4 Qd7 19. Nf5 Ne7 20. Qg4 Bxf5 21. exf5 Kh8 22. Qh5 f6 23. Bxh6 gxh6 24. Qxh6+ Kg8 25. Bb3+ Nd5 26. Re4 Re7 27. Rg4+ Rg7 28.
Bxd5+ 1-0

[Event "*** Titled Tuesday Blitz"]
[Site "Chess.com"]
[Date "2021.03.16"]
[Round "2"]
[White "VladimirBugayev"]
[Black "ShahMatKanal"]
[Result "0-1"]
[WhiteElo "2260"]
[BlackElo "2482"]
[TimeControl "180+1"]
[EndTime "10:15:51 PDT"]
[Termination "ShahMatKanal won on time"]

1. e4 c6 2. d4 d5 3. exd5 cxd5 4. Bd3 Nf6 5. c3 Nc6 6. Bf4 g6 7. Nd2 Bg7 8. Ngf3 O-O 9. O-O Bg4 10. h3 Bxf3 11.
Nxf3 Ne4 12. Ne5 Nxe5 13. Bxe5 Bxe5 14. dxe5 Nc5 15. Bc2 e6 16. f4 Qb6 17. Kh2 Qxb2 18. Qd2 Ne4 19. Qe2 Nxc3 20. Qd3 Qb4 21. h4 Ne4 22. h5 Qe7 23. hxg6 hxg6 24. Rf3 Qh4+ 25. Kg1 Kg7 26. Raf1 Rh8 27. Rh3 Qe7 28. Qf3 Qc5+ 29. Kh2 Qxc2 0-1

[Event "*** Titled Tuesday Blitz"]
[Site "Chess.com"]
[Date "2021.03.16"]
[Round "2"]
[White "Konavets"]
[Black "Legendinunknown"]
[Result "1-0"]
[WhiteElo "2945"]
[BlackElo "2609"]
[TimeControl "180+1"]
[EndTime "10:15:53 PDT"]
[Termination "Konavets won by checkmate"]

1. e4 e5 2. Nf3 Nc6 3. Bc4 Nf6 4. d3 Be7 5. a3 O-O 6. b4 d6 7. Bb2 Be6 8. Nbd2 Qd7 9. O-O h6 10. Re1 Nh7 11. Nf1 Bxc4 12. dxc4 Qe6 13. Ne3 g6 14.
Nd5 Rac8 15. Qd2 Kg7 16. b5 Nb8 17. c5 Nd7 18. Nxe7 Qxe7 19. cxd6 cxd6 20. Rad1 Nb6 21. Qxd6 Qxd6 22. Rxd6 Nc4 23. Bxe5+ Nxe5 24. Nxe5 Rfe8 25. f4 Nf6 26. c4 g5 27. g3 Rcd8 28. Red1 Rxd6 29. Rxd6 gxf4 30. gxf4 Nxe4 31. Rd7 Nc5 32. Rxf7+ Kg8 33. Rc7 b6 34. Rxa7 Rf8 35. Nd7 Nxd7 36.
Rxd7 Rxf4 37. c5 Rf5 38. cxb6 Rxb5 39. b7 Kf8 40. Rc7 Ke8 41. Rc8+ Kd7 42. b8=Q Rg5+ 43.
Kf2 Rf5+ 44. Ke3 Re5+ 45. Qxe5 Kxc8 46. Qe7 Kb8 47. Kd4 Ka8 48. Kc5 Kb8 49. Kb6 Kc8 50.
Qf8+ Kd7 51. Qxh6 Ke7 52. a4 Kf7 53. a5 Kg8 54. a6 Kf7 55. a7 Ke7 56. a8=Q Kd7 57.
Qac6+ Ke7 58. Qhf6# 1-0

[Event "*** Titled Tuesday Blitz"]
[Site "Chess.com"]
[Date "2021.03.16"]
[Round "2"]
[White "AlexPapasimakopoulos"]
[Black "ChessWarrior7197"]
[Result "0-1"]
[WhiteElo "2602"]
[BlackElo "2913"]
[TimeControl "180+1"]
[EndTime "10:15:54 PDT"]
[Termination "ChessWarrior7197 won by resignation"]

1. d4 d5 2. c4 e6 3. Nc3 c5 4.
cxd5 exd5 5. Nf3 Nc6 6. g3 Nf6 7. Bg2 cxd4 8. Nxd4 Bc5 9. Nb3 Bb6 10. Bg5 Bxf2+ 11. Kf1 Bb6 12. Nxd5 Nxd5 13. Qxd5 Qc7 14. Bf4 Qe7 15. Rd1 Be6 16. Qd6 Qxd6 17. Rxd6 Ke7 18. Rd3 Rhd8 19. Be4 Nb4 20. Rxd8 Rxd8 21. a3 Bh3+ 22. Ke1 Bg2 23. axb4 Bxe4 24. Rf1 Bg2 25. Bg5+ f6 26. Rf5 fxg5 27. Rxg5 Kf6 28. Rh5 Be4 29. Nc5 Bxc5 30. Rxc5 Rd6 31. Kf2 Rb6 32.
b5 Bf5 33. Ke3 Bd7 34. Kd4 Rxb5 35. Rxb5 0-1

[Event "*** Titled Tuesday Blitz"]
[Site "Chess.com"]
[Date "2021.03.16"]
[Round "2"]
[White "Gabix_94"]
[Black "Ermito2020"]
[Result "1-0"]
[WhiteElo "2805"]
[BlackElo "2523"]
[TimeControl "180+1"]
[EndTime "10:15:55 PDT"]
[Termination "Gabix_94 won by resignation"]

1. e4 c5 2. Nf3 d6 3. d4 cxd4 4. Nxd4 Nf6 5. Nc3 Nc6 6. Nd5 e6 7. Nxf6+ Qxf6 8. Nb5 Qd8 9. Bf4 e5 10. Be3 Be7 11. Be2 a6 12. Nc3 Bg5 13. Bxg5 Qxg5 14. Qxd6 Nd4 15. Nd5 f6 16. Bc4 Kf7 17. Nf4+ Ke8 18.
Nd5 Kf7 19. f4 Nxc2+ 20. Kf2 exf4 21. Nxf4+ Ke8 22. Rad1 Bg4 23. Rd5 Qh6 24. h3 Rc8 25.
hxg4 Qxh1 26. Qe6+ Kf8 27. Qxc8+ Kf7 28. Qe6+ 1-0

[Event "*** Titled Tuesday Blitz"]
[Site "Chess.com"]
[Date "2021.03.16"]
[Round "2"]
[White "Buffy7"]
[Black "Piacramling"]
[Result "1-0"]
[WhiteElo "2633"]
[BlackElo "2352"]
[TimeControl "180+1"]
[EndTime "10:16:03 PDT"]
[Termination "Buffy7 won on time"]

1. e4 c5 2. Nf3 e6 3. d4 cxd4 4. Nxd4 Nc6 5. Nc3 Nf6 6. Nxc6 bxc6 7. e5 Nd5 8. Ne4 Qc7 9. f4 Qb6 10. c4 f5 11. Ng5 Ne3 12. Qd3 Bb4+ 13. Ke2 Ng4 14. Be3 Nxe3 15. Qxe3 Bc5 16. Qd2 Ba6 17. b3 Rd8 18. Rd1 O-O 19. g3 Be7 20. h4 c5 21.
Bg2 d6 22. Nxe6 1-0

[Event "*** Titled Tuesday Blitz"]
[Site "Chess.com"]
[Date "2021.03.16"]
[Round "2"]
[White "guillembaches"]
[Black "KafkaesqueKnight"]
[Result "1-0"]
[WhiteElo "2475"]
[BlackElo "2230"]
[TimeControl "180+1"]
[EndTime "10:16:03 PDT"]
[Termination "guillembaches won on time"]

1. e4 c5 2. Nf3 d6 3. d4 cxd4 4. Qxd4 a6 5. c4 Nc6 6. Qe3 Nf6 7. h3 g6 8. Be2 Bg7 9. O-O O-O 10. Nc3 Rb8 11.
Rd1 Qa5 12. Bd2 Qc5 13. Qxc5 dxc5 14. Bf4 Ra8 15. e5 Nh5 16. Bh2 Bh6 17. Nd5 e6 18.
Nf6+ Nxf6 19. exf6 b6 20. Bc7 b5 21. cxb5 axb5 22. Bxb5 Nb4 23. Bd6 Rd8 24. Bxc5 Rxd1+ 25. Rxd1 Nd5 26. Bc6 Rxa2 27. Bxd5 exd5 28. Rxd5 1-0

[Event "*** Titled Tuesday Blitz"]
[Site "Chess.com"]
[Date "2021.03.16"]
[Round "2"]
[White "RamyresCoelho"]
[Black "Bacyanide"]
[Result "0-1"]
[WhiteElo "2073"]
[BlackElo "2415"]
[TimeControl "180+1"]
[EndTime "10:16:06 PDT"]
[Termination "Bacyanide won by resignation"]

1. e4 c6 2. d4 d5 3. Nc3 dxe4 4. Nxe4 Nf6 5. Nxf6+ exf6 6. Nf3 Bd6 7. Bd3 O-O 8.
Be3 Re8 9. Qd2 Nd7 10. O-O-O Nf8 11. Bf4 a5 12. Bxd6 Qxd6 13. Rhe1 Be6 14. c4 b5 15. c5 Qd5 16. Bb1 Red8 17. Qc2 a4 18. Rd2 g6 19. h4 Bf5 20. Qc3 Ne6 21. Bxf5 Qxf5 22. g4 Qxg4 23. Rg1 Qf5 24. h5 Qxh5 25. Rdd1 Rd5 26.
Rh1 Qf5 27. Nh4 Qf4+ 28. Kb1 Rxd4 29. Rxd4 Qxd4 30. Qf3 Rd8 31. a3 Qd3+ 32. Qxd3 Rxd3 33. Rc1 Rd4 34. Nf3 Rd5 35. Ka2 h5 36. Rc3 Rxc5 37. Rxc5 Nxc5 38. Nd4 h4 39. Nxc6 h3 0-1

[Event "*** Titled Tuesday Blitz"]
[Site "Chess.com"]
[Date "2021.03.16"]
[Round "2"]
[White "Szparu"]
[Black "dennisodessa"]
[Result "1-0"]
[WhiteElo "2650"]
[BlackElo "2356"]
[TimeControl "180+1"]
[EndTime "10:16:07 PDT"]
[Termination "Szparu won by resignation"]

1. e4 e6 2. d4 d5 3. Nd2 Nf6 4. e5 Nfd7 5. Bd3 c5 6. c3 Nc6 7.
Ne2 cxd4 8. cxd4 f6 9. exf6 Qxf6 10. O-O h6 11. Nf3 Bd6 12. Ng3 O-O 13. Bb1 Rd8 14. Be3 Nf8 15. Re1 Bd7 16. a3 Be8 17. b4 Bg6 18. Ba2 a5 19. b5 Na7 20. Ne5 Nxb5 21. Nxg6 Nxg6 22. Qg4 Nc3 23. Bd2 Nxa2 24. Rxe6 Qh4 25. Rxg6 Qxg4 26. Rxg4 Bxa3 27. Rxa2 Bb4 28.
Bxh6 Kh7 29. Rxg7+ Kxh6 30. Nf5+ 1-0

[Event "*** Titled Tuesday Blitz"]
[Site "Chess.com"]
[Date "2021.03.16"]
[Round "2"]
[White "ValeriyGrinev"]
[Black "Jumbo"]
[Result "0-1"]
[WhiteElo "2547"]
[BlackElo "2818"]
[TimeControl "180+1"]
[EndTime "10:16:08 PDT"]
[Termination "Jumbo won by resignation"]

1. d4 Nf6 2. c4 e6 3. Nc3 Bb4 4. e3 O-O 5. Ne2 Re8 6. a3 Bf8 7. Ng3 d5 8. Be2 a5 9. O-O b6 10. cxd5 exd5 11. Bd2 Bb7 12. Rc1 Nbd7 13. Qc2 c5 14.
Nb5 g6 15. dxc5 bxc5 16. b4 axb4 17. axb4 cxb4 18. Nc7 Rc8 19. Nxe8 Rxc2 20. Nxf6+ Nxf6 21. Rxc2 d4 22. exd4 Qxd4 23. Be3 Qd5 24. Bf3 Qb3 25. Rfc1 Bxf3 26. gxf3 Qd5 27. Rc8 Kg7 28. Kg2 h5 29.
Bh6+ Kxh6 30. Rxf8 h4 31. Rh8+ Kg7 32. Rxh4 Qb5 33. Rcc4 Nd5 34. Ne4 Qxc4 0-1

[Event "*** Titled Tuesday Blitz"]
[Site "Chess.com"]
[Date "2021.03.16"]
[Round "2"]
[White "PawnEatingZombie"]
[Black "renehp"]
[Result "0-1"]
[WhiteElo "2194"]
[BlackElo "2444"]
[TimeControl "180+1"]
[EndTime "10:16:08 PDT"]
[Termination "renehp won by resignation"]

1. d4 d5 2. c4 c6 3. Nc3 Nf6 4. e3 e6 5. b3 Bb4 6. Bd2 O-O 7. Bd3 c5 8. Nf3 Nc6 9. cxd5 exd5 10. O-O cxd4 11.
exd4 Bg4 12. h3 Bxf3 13. Qxf3 Nxd4 14. Qf4 Nc6 15. Rac1 Re8 16. Rfd1 Bd6 17. Qh4 Ne5 18. Bf5 h6 19. Be3 Nc6 20. Nb5 Bb8 21. Nd4 Qd6 22. Nxc6 Qh2+ 23. Kf1 bxc6 24. Rxc6 Be5 25. g3 d4 26.
Rxd4 Bxd4 27. Qxd4 Qh1+ 28. Ke2 Qxc6 0-1

[Event "*** Titled Tuesday Blitz"]
[Site "Chess.com"]
[Date "2021.03.16"]
[Round "2"]
[White "1977Ivan"]
[Black "FMJoseHerrera"]
[Result "1-0"]
[WhiteElo "2817"]
[BlackElo "2546"]
[TimeControl "180+1"]
[EndTime "10:16:11 PDT"]
[Termination "1977Ivan won by resignation"]

1. e4 c5 2. Nc3 e6 3. f4 a6 4. Nf3 b5 5. g4 Bb7 6. d3 h6 7. Bg2 d6 8. O-O Nd7 9. f5 e5 10. a4 b4 11. Nd5 Bxd5 12. exd5 Ngf6 13. Nd2 Be7 14. a5 Qc7 15. Nc4 Nh7 16. c3 Rb8 17.
Qa4 Kf8 18. Bd2 Bg5 19. Qc6 Qxc6 20. dxc6 Bxd2 21. Nxd2 Ndf6 22. Nc4 Ke7 23. Rfe1 bxc3 24. bxc3 Nxg4 25. d4 cxd4 26. cxd4 Rb4 27. Rac1 Rc8 28. Nb6 Kd8 29. dxe5 Nxe5 30. Rcd1 Kc7 31. Rxe5 Rxb6 32. Re7+ 1-0

[Event "*** Titled Tuesday Blitz"]
[Site "Chess.com"]
[Date "2021.03.16"]
[Round "2"]
[White "SHIVACalypso"]
[Black "SF-96"]
[Result "1/2-1/2"]
[WhiteElo "2352"]
[BlackElo "2604"]
[TimeControl "180+1"]
[EndTime "10:16:11 PDT"]
[Termination "Game drawn by agreement"]

1. Nf3 Nf6 2. c4 g6 3. g3 Bg7 4. Bg2 O-O 5. O-O d5 6. d4 dxc4 7. Na3 c3 8. bxc3 c5 9. Nc4 Nc6 10. Re1 Ne4 11. Bb2 Be6 12. Nfe5 Nxe5 13. Nxe5 Nd6 14.
Nd3 cxd4 15. cxd4 Nc4 16. Bc3 Bxd4 17. Bxd4 Qxd4 18. Bxb7 Rab8 19. Bf3 Rfd8 20. Qa4 Nd2 21. Qxd4 Rxd4 22. Nc5 Bd5 23. Bxd5 Rxd5 24. Nb3 Ne4 25. Red1 Rxd1+ 26. Rxd1 Nc3 27. Rd2 e5 28. Rc2 Nxa2 29.
Rxa2 Rxb3 30. Rxa7 h5 31. h4 Kg7 32. Kg2 Rb2 1/2-1/2

[Event "*** Titled Tuesday Blitz"]
[Site "Chess.com"]
[Date "2021.03.16"]
[Round "2"]
[White "vinniethepooh"]
[Black "Alekseyviktorovich"]
[Result "0-1"]
[WhiteElo "2703"]
[BlackElo "2418"]
[TimeControl "180+1"]
[EndTime "10:16:12 PDT"]
[Termination "Alekseyviktorovich won by checkmate"]

1. d4 d5 2. c4 c6 3. Nc3 Nf6 4. cxd5 cxd5 5. f3 Nc6 6. e4 e6 7. e5 Nd7 8. f4 Be7 9. Nf3 f6 10. Bd3 O-O 11. h4 fxe5 12. dxe5 h6 13. Ng5 Ndxe5 14. fxe5 Nxe5 15. Bh7+ Kh8 16. Qe2 Bd6 17. Be3 Nc4 18. Bf2 Qf6 19. Bc2 Bd7 20. Nf3 e5 21. O-O-O e4 22. Nxd5 Qxb2# 0-1

[Event "*** Titled Tuesday Blitz"]
[Site "Chess.com"]
[Date "2021.03.16"]
[Round "2"]
[White "elohunter1999"]
[Black "Joker_Gumble"]
[Result "1-0"]
[WhiteElo "2627"]
[BlackElo "2335"]
[TimeControl "180+1"]
[EndTime "10:16:12 PDT"]
[Termination "elohunter1999 won on time"]

1. d4 c5 2. d5 Nf6 3. Nc3 d6 4. e4 e5 5. g3 a6 6. a4 Be7 7.
h4 h5 8. Bh3 Ng4 9. f3 Bxh4 10.
fxg4 Bxg3+ 11. Ke2 hxg4 12. Bg2 Rxh1 13. Bxh1 Qh4 14.
Bg2 Bf4 15. Qf1 g5 16. Be3 Nd7 17. Bf2 Qh5 18. Kd3 Nb6 19. b3 Bd7 20. a5 Nc8 21.
Nge2 Na7 22. Qh1 Qxh1 23. Rxh1 Ke7 24. Ng3 Nb5 25. Na4 Nd4 26. Nb6 Be8 27. Bxd4 cxd4 28. Nf5+ 1-0

[Event "*** Titled Tuesday Blitz"]
[Site "Chess.com"]
[Date "2021.03.16"]
[Round "2"]
[White "DishonorOnYourCow"]
[Black "MarcLonoff"]
[Result "1-0"]
[WhiteElo "2430"]
[BlackElo "2151"]
[TimeControl "180+1"]
[EndTime "10:16:12 PDT"]
[Termination "DishonorOnYourCow won on time"]

1. d4 e6 2. c4 Bb4+ 3. Nd2 Nc6 4. Nf3 d6 5. e3 e5 6. a3 Bxd2+ 7. Bxd2 e4 8. Ng1 f5 9. Qc2 Nf6 10. f3 O-O 11. O-O-O d5 12. cxd5 Nxd5 13. fxe4 fxe4 14. Bc4 Kh8 15. Qxe4 Nb6 16. Qc2 Nxc4 17. Qxc4 Bg4 18.
Re1 Qd6 19. h3 Bh5 20. g4 Bg6 21. Ne2 a6 22. Nf4 Be4 23. Rhf1 b5 24. Qe6 Rxf4 25. Qxd6 Rxf1 26. Qe6 Rxe1+ 27. Bxe1 Bg2 28. d5 Na7 29. Bc3 Rg8 30. h4 Nc8 31. h5 1-0

[Event "*** Titled Tuesday Blitz"]
[Site "Chess.com"]
[Date "2021.03.16"]
[Round "2"]
[White "Malev212"]
[Black "HrvojeZagreb"]
[Result "1-0"]
[WhiteElo "2538"]
[BlackElo "2297"]
[TimeControl "180+1"]
[EndTime "10:16:14 PDT"]
[Termination "Malev212 won by resignation"]

1. e4 e6 2. d4 d5 3. e5 c5 4. Qg4 h5 5. Qg3 Nc6 6. dxc5 Bxc5 7. Nf3 Kf8 8. Bd3 Nb4 9. O-O Nxd3 10. cxd3 Ne7 11.
Nh4 Qb6 12. Nc3 Bd7 13. Bg5 Qxb2 14. Rfc1 Rc8 15. Rab1 Qa3 16. Rxb7 f6 17. Rb3 fxg5 18. Qxg5 Qa5 19. Rb7 Bxf2+ 20. Kxf2 Rxc3 21. Rxc3 Qxc3 22. Rxd7 Qc5+ 23. Kg3 Ke8 24. Rxe7+ Qxe7 25. Qxe7+ Kxe7 26. Ng6+ 1-0

[Event "*** Titled Tuesday Blitz"]
[Site "Chess.com"]
[Date "2021.03.16"]
[Round "2"]
[White "Rital44"]
[Black "winniethepooh04"]
[Result "0-1"]
[WhiteElo "2439"]
[BlackElo "2245"]
[TimeControl "180+1"]
[EndTime "10:16:14 PDT"]
[Termination "winniethepooh04 won by resignation"]

1. e4 c5 2. Nf3 d6 3. d4 cxd4 4.
Nxd4 Nf6 5. Nc3 a6 6. Be3 e6 7. g4 Nfd7 8. Bg2 Be7 9. O-O O-O 10. f4 Nc6 11. Qd2 Qc7 12. Kh1 Nc5 13. Rad1 Bd7 14. a3 Nxd4 15. Bxd4 Rac8 16. f5 f6 17. Qf4 e5 18. Qg3 exd4 19. Nd5 Qd8 20. Rxd4 Bc6 21. b4 Bxd5 22. Rxd5 Na4 23. c4 Rxc4 24. Rfd1 Nc3 25. e5 fxe5 26. R5d3 Bh4 27. Qh3 Nxd1 28. Rxd1 Rd4 29. Rc1 Qg5 30. Rf1 Qxg4 31. Qc3 Kh8 32. Bf3 Qh3 33. Qc1 Bg5 34.
Qb1 Rd2 0-1

[Event "*** Titled Tuesday Blitz"]
[Site "Chess.com"]
[Date "2021.03.16"]
[Round "2"]
[White "KarateBaby"]
[Black "Vasily85"]
[Result "0-1"]
[WhiteElo "2150"]
[BlackElo "2423"]
[TimeControl "180+1"]
[EndTime "10:16:15 PDT"]
[Termination "Vasily85 won on time"]

1. Nf3 c5 2. c4 g6 3. Nc3 Bg7 4. e3 Nf6 5. d4 cxd4 6. exd4 d5 7. cxd5 Nxd5 8. Bc4 Nxc3 9. Qb3 Ne4 10. Bxf7+ Kf8 11. O-O Qb6 12. Re1 Qxb3 13. Bxb3 Nd6 14. Bg5 Bf6 15. Bh6+ Ke8 16. Bf4 Nf5 17. d5 Kd8 18. Rad1 Na6 19. d6 e6 20. d7 Bxd7 21. Bxe6 Nc5 0-1